 Dungeon Crawl Stone Soup version 0.30-a0-847-g17996783a1 (webtiles) character file.

Game seed: 2692145379484471092

14448 Norrock the Carver (level 11, -9/87 HPs)
             Began as a Demonspawn Gladiator on Mar 4, 2023.
             Was the Champion of Wu Jian.
             Shot with an arrow by a centaur warrior (23 damage)
             ... on level 11 of the Dungeon.
             The game lasted 01:07:09 (10917 turns).

Norrock the Carver (Demonspawn Gladiator)          Turns: 10917, Time: 01:07:09

Health: -9/87      AC: 18    Str: 20    XL:     11   Next: 88%
Magic:  11/11      EV: 13    Int: 14    God:    Wu Jian [******]
Gold:   717        SH:  4    Dex: 14    Spells: 10/10 levels left

rFire   . . .      SeeInvis .    I - +3 great sword
rCold   . . .      Faith    .    (shield currently unavailable)
rNeg    . . .      Spirit   .    o - +4 chain mail of the Thistle {Str+2 Int+3}
rPois   +          Reflect  .    C - +2 hat {Will+}
rElec   .          Rampage  .    (no cloak)
rCorr   .                        b - +0 pair of gloves
Will    +....                    (no boots) Stlth
                                 (no amulet)
HPRegen 0.34/turn                g - ring of poison resistance
MPRegen 0.12/turn                m - +5 ring of evasion

@: about to teleport
A: hooves 2, molten scales 2, spiny 2, condensation shield
a: Renounce Religion, Wall Jump, Serpent's Lash, Heavenly Storm


You were on level 11 of the Dungeon.
You worshipped Wu Jian.
Wu Jian was exalted by your worship.
You visited 1 branch of the dungeon, and saw 11 of its levels.
You also visited: Bailey.

You collected 717 gold pieces.

Inventory:

Hand Weapons
 I - a +3 great sword (weapon)
Missiles
 f - 3 curare-tipped darts
 D - 3 boomerangs of dispersal
 E - a throwing net
Armour
 b - a +0 pair of gloves (worn)
 n - a +2 helmet
 o - the +4 chain mail of the Thistle (worn) {Str+2 Int+3}
   (You found it on level 8 of the Dungeon)

   Str:       It affects your strength (+2).
   Int:       It affects your intelligence (+3).
 C - a +2 hat of willpower (worn)
Jewellery
 g - a ring of poison resistance (left hand)
 m - a +5 ring of evasion (right hand)
 p - a ring of willpower
 y - a +6 ring of intelligence
Wands
 a - a wand of mindburst (15)
 w - a wand of roots (9)
Scrolls
 c - a scroll of magic mapping
 e - a scroll of noise {unknown}
 i - 6 scrolls of teleportation
 k - a scroll of silence
 q - 3 scrolls of immolation
 r - 3 scrolls of fog
 s - 5 scrolls of identify
 t - a scroll of poison
 v - a scroll of torment
 B - a scroll of fear
 H - a scroll of amnesia
Potions
 d - 2 potions of magic
 h - 3 potions of flight
 j - a potion of brilliance
 l - 4 potions of curing
 u - a potion of mutation
 x - 3 potions of might
 z - a potion of haste
 A - 3 potions of resistance
 G - 2 potions of heal wounds


   Skills:
 + Level 8.9 Fighting
 + Level 13.1 Long Blades
 - Level 6.0 Maces & Flails
 + Level 11.5 Throwing
 - Level 2.6 Dodging


You had 10 spell levels left.
You didn't know any spells.
Your spell library contained the following spells:

 Spells                   Type           Power      Damage    Failure   Level
 Cigotuvi's Dreadful Rot  Necr/Pois/Air  0%         N/A       99%         2
 Poisonous Vapours        Pois/Air       0%         N/A       99%         2
 Inner Flame              Hex/Fire       0%         N/A       100%        3
 Mephitic Cloud           Conj/Pois/Air  0%         N/A       100%        3
 Ozocubu's Armour         Ice            0%         N/A       100%        3
 Flame Wave               Conj/Fire      0%         2d4       100%        4
 Sticky Flame             Conj/Fire      0%         2d3       100%        4
 Blade Hands              Tmut           0%         N/A       100%        5
 Irradiate                Conj/Tmut      0%         3d11      100%        5
 Conjure Ball Lightning   Conj/Air       0%         3x3d6     100%        6
 Dragon Form              Tmut           0%         N/A       100%        7
 Ozocubu's Refrigeration  Ice            0%         4d7       100%        7
 Discord                  Hex            0%         N/A       100%        8
 Disjunction              Tloc           0%         N/A       100%        8


Dungeon Overview and Level Annotations

Branches:
Dungeon (11/15)            Temple (0/1) D:7            Lair (0/5) D:10
    Orc (0/2) D:9          Bailey (visited)

Altars:
Cheibriados
Gozag
Kikubaaqudgha
Nemelex Xobeh
Okawaru
Qazlal
Sif Muna
Trog
Uskayaw
Vehumet
Wu Jian

Shops:
D:10 !

Annotations:
D:3 Dowan


Innate Abilities, Weirdness & Mutations

You have hoof-like feet.
You are mostly covered in molten scales. (AC +3)
You are mostly covered in sharp spines.
A meltable shield of frost defends you. (SH +4)


Message History

The boulder beetle stops rolling and uncurls.
You spin and attack the centaur warrior.
You barely miss the centaur warrior. Your kick misses the centaur warrior.
The centaur warrior is heavily wounded.
The centaur warrior hits you!
The centaur warrior kicks you but does no damage.
The kobold is struck by your spines.
You kill the kobold!
The Council accepts your kill.
You spin to attack the centaur warrior, but your attack speed is too slow for a blow to land.
You spin and attack the kobold demonologist.
You miss the kobold demonologist.
The kobold demonologist is heavily wounded.
The centaur warrior hits you! The centaur warrior barely misses you.
The centaur warrior hits you!
* * * LOW HITPOINT WARNING * * *
The centaur warrior kicks you.
* * * LOW HITPOINT WARNING * * *
The kobold demonologist casts a spell.
The kobold demonologist gestures wildly while chanting.
As you read the scroll of teleportation, it crumbles to dust.
You feel strangely unstable. The centaur warrior barely misses you.
The centaur warrior kicks you but does no damage.
The kobold demonologist closely misses you.
The red devil hits you but does no damage.
The red devil misses you.
The kobold demonologist attacks as you move away!
The kobold demonologist hits you but does no damage.
The kobold attacks as you move away! The kobold is struck by your spines.
You kill the kobold!
The Council accepts your kill.
The centaur warrior wields a +0 shortbow.
The centaur warrior shoots an arrow.
The arrow hits you.
* * * LOW HITPOINT WARNING * * *
The kobold demonologist attacks as you move away!
The kobold demonologist barely misses you.
The centaur warrior shoots an arrow.
The arrow hits you.
* * * LOW HITPOINT WARNING * * *
The centaur warrior shoots an arrow.
The arrow hits you!!
You die...

... ....#...## ...
.........## ##.........
..........## #..........
#.......... #........#.
#.........####.......#
#....................###
#....................##.
#......@.[............#.
#........K4.....!.......
..........4.........##..
.........Bc.........###.
.#........K3.........#..
##................#....
..................#....
.#.....................
#.......#..#......#...


You could see a boulder beetle, a centaur warrior, a sun demon (summoned), 2
kobold demonologists and 2 red devils.

Vanquished Creatures
  Gastronok (D:9)
  4 two-headed ogres
  Maggie (D:10)
  2 gargoyles
  Psyche (D:9)
  A komodo dragon (D:10)
  13 yaks
  3 wraiths
  5 vampire mosquitoes
  Menkaure (D:4)
  2 two-headed ogre zombies (D:9)
  2 wargs (D:10)
  An acid dragon (D:10)
  A water moccasin (D:9)
  Duvessa (D:4)
  20 orc warriors
  3 sky beasts
  A black bear (D:7)
  An ogre (D:6)
  3 centaurs
  7 phantoms
  3 kobold brigands
  A bullfrog (D:8)
  3 gnoll sergeants
  2 scorpions
  2 troll zombies (D:9)
  2 wights
  12 killer bees
  7 howler monkeys
  A hound (D:6)
  8 orc priests
  6 iguanas
  2 sleepcaps
  Natasha (D:4)
  8 orc wizards
  4 ogre zombies (D:9)
  6 adders
  18 gnolls
  2 shadow imps
  3 ufetubi
  A worm (D:6)
  4 dart slugs
  38 orcs
  8 ball pythons
  4 endoplasms
  4 giant cockroaches
  21 goblins
  12 hobgoblins
  4 jackals (D:4)
  23 kobolds
  A quokka (D:3)
  4 bats
  8 frilled lizards (D:2)
  2 goblin skeletons (D:9)
  A goblin zombie (D:9)
  A hobgoblin skeleton (D:9)
  3 hobgoblin zombies (D:9)
  8 orc skeletons (D:9)
  10 orc zombies (D:9)
  3 rats
325 creatures vanquished.

Vanquished Creatures (others)
  5 plants (D:2)
5 creatures vanquished.

Grand Total: 330 creatures vanquished

Notes
Turn   | Place    | Note
-------+----------+-------------------------------------------
     0 | D:1      | Norrock the Demonspawn Gladiator began the quest for the
                  | Orb.
     0 | D:1      | Reached XP level 1. HP: 16/16 MP: 1/1
   516 | D:1      | Gained mutation: You have large cloven feet. [demonic
                  | ancestry]
   516 | D:1      | Reached XP level 2. HP: 22/22 MP: 2/2
   926 | D:2      | Found a faded altar of an unknown god.
   931 | D:2      | Prayed at the altar of an unknown god.
   931 | D:2      | Became a worshipper of the Wu Jian Council
   931 | D:2      | Reached * piety under Wu Jian
  1289 | D:2      | Reached XP level 3. HP: 27/27 MP: 3/3
  2450 | D:4      | Noticed Dowan
  2455 | D:3      | Gained mutation: A meltable shield of frost defends you.
                  | (SH +4) [demonic ancestry]
  2455 | D:3      | Reached XP level 4. HP: 33/33 MP: 4/4
  2458 | D:4      | Noticed Duvessa
  2633 | D:4      | Killed Duvessa
  2633 | D:4      | Reached ** piety under Wu Jian
  2634 | D:4      | Gained mutation: You are partially covered in sharp spines.
                  | [demonic ancestry]
  2634 | D:4      | Reached XP level 5. HP: 25/38 MP: 5/5
  2915 | D:4      | Noticed Menkaure
  2920 | D:4      | Killed Menkaure
  2921 | D:4      | Gained mutation: You have hoof-like feet. [demonic
                  | ancestry]
  2921 | D:4      | Reached XP level 6. HP: 44/44 MP: 6/6
  2998 | D:4      | Found a hide-covered altar of Uskayaw.
  3000 | D:4      | Noticed Natasha
  3002 | D:4      | Killed Natasha
  3003 | D:4      | Reached skill level 5 in Maces & Flails
  3253 | D:4      | Noticed a sky beast
  3271 | D:4      | Killed a sky beast
  3272 | D:4      | Reached skill level 5 in Throwing
  3272 | D:4      | Gained mutation: You are mostly covered in sharp spines.
                  | [demonic ancestry]
  3272 | D:4      | Reached XP level 7. HP: 39/50 MP: 7/7
  3566 | D:5      | Entered Level 5 of the Dungeon
  3661 | D:5      | Found a radiant altar of Vehumet.
  4219 | D:6      | Reached skill level 1 in Long Blades
  4251 | D:6      | Found a snail-covered altar of Cheibriados.
  4289 | D:6      | Reached skill level 2 in Long Blades
  4291 | D:6      | Noticed a vampire mosquito
  4292 | D:6      | Noticed a vampire mosquito
  4293 | D:6      | Noticed a vampire mosquito
  4295 | D:6      | Noticed a vampire mosquito
  4303 | D:6      | Killed a vampire mosquito
  4304 | D:6      | Reached skill level 3 in Long Blades
  4304 | D:6      | Gained mutation: You are partially covered in molten
                  | scales. (AC +2) [demonic ancestry]
  4304 | D:6      | Reached XP level 8. HP: 56/56 MP: 8/8
  4314 | D:6      | Reached skill level 4 in Long Blades
  4327 | D:6      | Reached skill level 5 in Long Blades
  4424 | D:6      | Found an ancient bone altar of Kikubaaqudgha.
  4498 | D:6      | Reached skill level 6 in Long Blades
  4704 | D:6      | Reached *** piety under Wu Jian
  4732 | D:6      | Found a stormy altar of Qazlal.
  4733 | D:6      | Found a bloodstained altar of Trog.
  4857 | D:6      | Found an opulent altar of Gozag.
  5226 | D:6      | Found a sparkling altar of Nemelex Xobeh.
  5299 | D:7      | Reached skill level 7 in Long Blades
  5405 | D:7      | Found a staircase to the Ecumenical Temple.
  5413 | D:7      | Reached XP level 9. HP: 61/61 MP: 9/9
  5472 | D:7      | Found an iron altar of Okawaru.
  5474 | D:7      | Found a shimmering blue altar of Sif Muna.
  5569 | D:7      | Reached skill level 8 in Long Blades
  5883 | D:8      | Found a flagged portal.
  5897 | Bailey   | Entered a bailey
  5943 | Bailey   | Reached skill level 9 in Long Blades
  6005 | Bailey   | Reached **** piety under Wu Jian
  6405 | Bailey   | Noticed an orc warlord
  6465 | Bailey   | Reached skill level 10 in Long Blades
  6480 | Bailey   | Gained mutation: You are mostly covered in molten scales.
                  | (AC +3) [demonic ancestry]
  6480 | Bailey   | Reached XP level 10. HP: 19/73 MP: 10/10
  7214 | D:8      | Reached skill level 5 in Fighting
  7234 | D:8      | Reached ***** piety under Wu Jian
  7389 | D:8      | Found an ornate altar of the Wu Jian Council.
  7405 | D:8      | Identified the +4 chain mail of the Thistle {Str+2 Int+3}
  7530 | D:8      | Reached skill level 11 in Long Blades
  7545 | D:8      | Noticed a two-headed ogre
  7553 | D:8      | Killed a two-headed ogre
  8001 | D:9      | Reached skill level 10 in Throwing
  8186 | D:9      | Found a staircase to the Orcish Mines.
  8244 | D:9      | Reached skill level 12 in Long Blades
  8459 | D:9      | Reached XP level 11. HP: 83/83 MP: 11/11
  8473 | D:9      | Noticed Gastronok
  8853 | D:9      | Killed Gastronok
  9086 | D:9      | Noticed Psyche
  9095 | D:9      | Killed Psyche
  9462 | D:10     | Entered Level 10 of the Dungeon
  9473 | D:10     | Noticed Maggie
  9493 | D:10     | Killed Maggie
  9953 | D:10     | Found a staircase to the Lair.
 10145 | D:10     | Noticed a two-headed ogre
 10160 | D:10     | Killed a two-headed ogre
 10167 | D:10     | Noticed a two-headed ogre
 10171 | D:10     | Killed a two-headed ogre
 10178 | D:10     | Reached ****** piety under Wu Jian
 10474 | D:10     | Found Geugeimp's Distillery.
 10640 | D:11     | Noticed a two-headed ogre
 10645 | D:11     | Killed a two-headed ogre
 10646 | D:11     | Reached skill level 13 in Long Blades
 10903 | D:11     | Noticed a centaur warrior
 10906 | D:11     | Noticed a boulder beetle
 10915 | D:11     | Noticed a sun demon
 10917 | D:11     | Shot with an arrow by a centaur warrior

Illustrated notes

Levels and vault maps discovered:
D:1:      dpeg_arrival_radiant, layout_basic
D:2:      layout_basic, ebering_ecumenical_altar_rust, minmay_lizard_king
D:3:      layout_basic, minmay_close_crescents
D:4:      nicolae_BIG_FREAKIN_CUBE, layout_loops_cross,
          nicolae_overflow_crystal_walls, minmay_manual_mandibuliform,
          uniq_duvessa, uniq_menkaure, uniq_natasha
D:5:      layout_rooms, mainiacjoe_overflow_24_doors, nicolae_vehumet_radiance
D:6:      layout_cave_pods, nicolae_overflow_hidden_temple,
          mainiacjoe_overflow_alcove_2,
          mainiacjoe_overflow_concentric_impassable,
          nemelex_xobeh_ov_fountains_minmay, cheibrodos_worm_habitat
D:7:      layout_rooms, chequers_temple_overflow_statue_of_worship,
          minmay_temple_entry_statues_pillars, minmay_diced_spiral
D:8:      layout_loops_corners, mainiacjoe_overflow_catwalk, enter_bailey_7,
          st_stairs_1
D:9:      layout_loops_cross, zin_treasury, zombieorc2_lemuel,
          minmay_strange_pillars, uniq_gastronok, uniq_psyche
D:10:     layout_rooms, erik_lair_orcish_takeover, serial_shops,
          nicolae_stop_n_shop_2, minmay_joined_circles, uniq_maggie
D:11:     minmay_statue_hallways, layout_cave_pools

Skill      XL: |  1  2  3  4  5  6  7  8  9 10 11 |
---------------+----------------------------------+-----
Throwing       | 2 3 4 5 6 7 9 10 11 | 11.5
Maces & Flails | 3 4 5 6 |  6.0
Long Blades    | 3 7 10 12 13 | 13.1
Fighting       | 4 6 8 |  8.9
Dodging        | |  2.6

Action                     |  1- 3 |  4- 6 |  7- 9 | 10-12 || total
---------------------------+-------+-------+-------+-------++-------
  Melee: Flail             |   101 |    67 |    27 |       ||   195
         Kick              |    14 |    18 |    87 |   213 ||   332
         Punch             |     1 |     2 |     2 |     5 ||    10
         Long sword        |       |       |   297 |   424 ||   721
         Great sword       |       |       |       |    93 ||    93
  Throw: Throwing net      |     4 |       |     1 |     1 ||     6
         Javelin           |     2 |       |    10 |       ||    12
         Dart              |     8 |     9 |    24 |    10 ||    51
         Boomerang         |       |       |       |     4 ||     4
 Invoke: Serpent's Lash    |       |       |     1 |     4 ||     5
Ability: Lunge             |     5 |     3 |    32 |    42 ||    82
         Whirlwind         |     3 |     2 |    10 |    47 ||    62
  Evoke: Wand              |       |       |       |     3 ||     3
    Use: Scroll            |     1 |     2 |    11 |     8 ||    22
         Potion            |       |     1 |     8 |     1 ||    10
 Armour: Leather armour    |     3 |       |       |       ||     3
         Scale mail        |    25 |    16 |    61 |    13 ||   115
         Chain mail        |       |       |       |   114 ||   114
  Dodge: Dodged            |    66 |    38 |   149 |   221 ||   474
  Block: Other             |       |     7 |    47 |    64 ||   118

Table legend: (Time is in decaauts)
 A = Elapsed time spent in this place.
 B = Non-inter-level travel time spent in this place.
 C = Inter-level travel time spent in this place.
 D = Time resting spent in this place.
 E = Time spent auto-exploring this place.
 F = Levels seen in this place.
 G = Mean time per level.
                   A        B        C        D        E       F      G
               +--------+--------+--------+--------+--------+-----+--------+
         Total |  10901 |  10613 |    288 |   1991 |   5246 |  12 |  908.4 |
       Dungeon |  10020 |   9732 |    288 |   1651 |   5174 |  11 |  910.9 |
        Bailey |    881 |    881 |      0 |    340 |     72 |   1 |  881.0 |
               +--------+--------+--------+--------+--------+-----+--------+

Top non-repeatable levels by time:
     D:9: 1441 daAuts
     D:8: 1419 daAuts
     D:6: 1116 daAuts
    D:10: 1028 daAuts
     D:4: 1008 daAuts
     D:2: 922 daAuts
  Bailey: 881 daAuts
     D:3: 872 daAuts
     D:1: 795 daAuts
     D:5: 605 daAuts
     D:7: 528 daAuts
    D:11: 281 daAuts
